 Dungeon Sprint DCSS version 0.22.1-2-g9c5b331 (webtiles) character file.

95 diana the Spear-Bearer (level 8, -8/103 HPs)
             Began as a Demonspawn Gladiator on Dec 12, 2018.
             Was an Initiate of Gozag.
             Mangled by the 27-headed Lernaean hydra (12 damage)
             ... in the Dungeon (Sprint VI: "Thunderdome").
             The game lasted 00:09:26 (599 turns).

diana the Spear-Bearer (Demonspawn Gladiator)        Turns: 599, Time: 00:09:27

Health: -8/103     AC:  9    Str: 28    XL:     8   Next: 26%
Magic:  0/8        EV: 24    Int: 20    God:    Gozag
Gold:   262        SH:  4    Dex: 21    Spells: 7/7 levels left

rFire    + + .     SeeInvis +   v - +0 bardiche
rCold    + . .     Gourm    .   (shield currently unavailable)
rNeg     . . .     Faith    +   q - +2 leather armour of Henuekhla {Str+5 Int+4}
rPois    +         Spirit   +   c - +0 helmet
rElec    .         Reflect  .   (no cloak)
rCorr    .         Harm     .   C - +1 pair of gloves of Ketioriwn {rPois Int+5}
MR       .....     NoTele   +   (no boots)
Stlth    ..........             z - amulet "Dem Qoig" {Faith rC+ Dex+3}
HPRegen  0.27/turn              r - ring "Nakaef" {EV+5 Int+2 SInv}
MPRegen  0.22/turn              y - ring "Kozxeakkaa" {rF++ Str+2 Dex+2}

@: berserking, very quick
A: hooves 1, large bone plates 1, demonic guardian 1, magic shield, magic
regeneration
a: Potion Petition, Call Merchant, Bribe Branch, Renounce Religion


You were in the Dungeon.
You worshipped Gozag.
Gozag was aware of your devotion.
You were not hungry.

You visited 1 branch You collected 1664 gold pieces.
You spent 1402 gold pieces at shops.

Inventory:

Hand Weapons
 v - a +0 bardiche (weapon)
Missiles
 d - 3 throwing nets (quivered)
Armour
 b - a +0 leather armour
 c - a +0 helmet (worn)
 q - the +2 leather armour of Henuekhla (worn) {Str+5 Int+4}
   (You bought it in a shop in the Dungeon)

   It affects your strength (+5).
   It affects your intelligence (+4).
 C - the +1 pair of gloves of Ketioriwn (worn) {rPois Int+5}
   (You bought it in a shop in the Dungeon)

   It affects your intelligence (+5).
   It protects you from poison.
Jewellery
 p - the amulet of Vunou {RegenMP +Inv rC- Int+4}
   (You bought it in a shop in the Dungeon)

   [amulet of magic regeneration]

   It increases your magic regeneration.
   It affects your intelligence (+4).
   It makes you vulnerable to cold.
   It lets you turn invisible.
 r - the ring "Nakaef" (left hand) {EV+5 Int+2 SInv}
   (You bought it in a shop in the Dungeon)

   [ring of evasion]

   It affects your evasion (+5).
   It affects your intelligence (+2).
   It lets you see invisible.
 s - the ring "Kohalalyho" {Str+3 SInv}
   (You bought it in a shop in the Dungeon)

   [ring of see invisible]

   It affects your strength (+3).
   It lets you see invisible.
 w - the ring of Tender Moments {rElec rPois}
   (You bought it in a shop in the Dungeon)

   [ring of poison resistance]

   It insulates you from electricity.
   It protects you from poison.
 x - the amulet of the Lonely Curses {rC- Regen+ Int+6}
   (You bought it in a shop in the Dungeon)

   [amulet of regeneration]

   It affects your intelligence (+6).
   It makes you vulnerable to cold.
   It increases your rate of regeneration.
 y - the ring "Kozxeakkaa" (right hand) {rF++ Str+2 Dex+2}
   (You bought it in a shop in the Dungeon)

   [ring of dexterity]

   It affects your strength (+2).
   It affects your dexterity (+2).
   It greatly protects you from fire.
 z - the amulet "Dem Qoig" (around neck) {Faith rC+ Dex+3}
   (You bought it in a shop in the Dungeon)

   [amulet of faith]

   It allows you to gain divine favour quickly.
   It affects your dexterity (+3).
   It protects you from cold.
 A - the amulet "Orhuas" {RegenMP MR+}
   (You bought it in a shop in the Dungeon)

   [amulet of magic regeneration]

   It increases your magic regeneration.
   It affects your resistance to hostile enchantments.
 B - the amulet "Citanue" {Spirit Int+4 Dex+2}
   (You bought it in a shop in the Dungeon)

   [amulet of guardian spirit]

   It causes incoming damage to be split between your health and magic.
   It affects your intelligence (+4).
   It affects your dexterity (+2).
Wands
 l - a wand of acid (3)
 m - a wand of iceblast (5)
Scrolls
 k - 4 scrolls of blinking
 n - 3 scrolls of fog
Potions
 e - a potion of curing
 g - 7 potions of heal wounds
 h - 4 potions of haste
 i - 2 potions of magic
 o - a potion of resistance
 t - a potion of degeneration {unknown}
Comestibles
 f - a ration


   Skills:
 + Level 8.5 Fighting
 * Level 10.9 Polearms
 - Level 1.7 Throwing
 + Level 7.5 Armour
 + Level 8.0 Dodging


You had 7 spell levels left.
You didn't know any spells.
Your spell library was empty.

Dungeon Overview and Level Annotations

Branches:
Dungeon (1/1)

Altars:
Cheibriados
Dithmenos
Fedhas
Gozag
Kikubaaqudgha
Makhleb
Okawaru
Qazlal
Ru
Sif Muna
Trog
Uskayaw
Vehumet
Wu Jian
Xom
Yredelemnul
Zin
The Shining One
Beogh
Jiyva
Lugonu

Shops:
D *[%??*?*:[((!!!!

Annotations:
D Lernaean hydra


Innate Abilities, Weirdness & Mutations

You have large cloven feet.
You are partially covered in large bone plates. (SH +4)
A weak demonic guardian rushes to your aid.
When hurt, damage is shared between your health and your magic reserves.
You regenerate magic rapidly.


Message History

The 27-headed Lernaean hydra bites you! The 27-headed Lernaean hydra bites you.
The 27-headed Lernaean hydra bites you but does no damage.
The 27-headed Lernaean hydra completely misses you.
The 27-headed Lernaean hydra bites you.
* * * LOW HITPOINT WARNING * * *
The 27-headed Lernaean hydra bites you!
* * * LOW HITPOINT WARNING * * *
The 27-headed Lernaean hydra bites you.
* * * LOW HITPOINT WARNING * * *
The 27-headed Lernaean hydra completely misses you.
The 27-headed Lernaean hydra bites you.
* * * LOW HITPOINT WARNING * * *
The 27-headed Lernaean hydra completely misses you.
You block the 27-headed Lernaean hydra's attack.
The 27-headed Lernaean hydra bites you but does no damage.
The 27-headed Lernaean hydra bites you!
* * * LOW HITPOINT WARNING * * *
The 27-headed Lernaean hydra bites you!
You die...
Your body crumbles into a pile of gold.

##∩.....∩## #∩.......∩#
#_......._# #_...[.[._#
#........_# ###.........###
#⌠..)........⌠#
######.85D.......8(######
##∩___..5.@.###.......__∩##
###∩........8.# #.8........∩#
##.......[.....###............
#⌠..........###[..###[).......
#⌠..........# #.<.# #.........
#⌠..........###...###........[
##.............###....(....[..
###∩........8.# #.8........∩#
##∩___......###......___∩##


You could see the 27-headed Lernaean hydra, a friendly iron imp and a friendly
ufetubus.

Vanquished Creatures
  2 rust devils (D)
  Sigmund (D)
  A wolf (D)
  An ogre (D)
  An earth elemental (D)
  A gnoll sergeant (D)
  A hound (D)
  A gnoll shaman (D)
  An iron imp (D)
  Jessica (D)
  Terence (D)
  A gnoll (D)
  An orc (D)
  2 giant cockroaches (D)
  A hobgoblin (D)
  A kobold (D)
18 creatures vanquished.

Vanquished Creatures (collateral kills)
  A wolf (D)
  A gnoll shaman (D)
  A bat (D)
3 creatures vanquished.

Grand Total: 21 creatures vanquished

Notes
Turn   | Place    | Note
-------+----------+-------------------------------------------
     0 | D        | diana the Demonspawn Gladiator began the quest for the Orb.
     0 | D        | Reached XP level 1. HP: 16/16 MP: 1/1
     2 | D        | Found a sacrificial altar of Ru.
     2 | D        | Found a deep blue altar of Sif Muna.
     3 | D        | Found a glowing silver altar of Zin.
     3 | D        | Found an opulent altar of Gozag.
     4 | D        | Found a basalt altar of Yredelemnul.
     4 | D        | Found an ancient bone altar of Kikubaaqudgha.
     5 | D        | Found Kausomi's Identification Station.
     5 | D        | Found a roughly hewn altar of Beogh.
     5 | D        | Found a shadowy altar of Dithmenos.
     5 | D        | Found Fesifream's Delicious Food.
     5 | D        | Round 1.
     6 | D        | Found Roleruciha's Advanced Armour.
     6 | D        | Found Agi Qemn's Jewellery.
     7 | D        | Found a burning altar of Makhleb.
     8 | D        | Found Ului's Premium Goods.
     9 | D        | Found Uninayr's Miscellaneous Merchandise.
     9 | D        | Found Cani's Basic Armour.
    14 | D        | Became a worshipper of Gozag Ym Sagoz the Greedy
    27 | D        | Bought a crude brass amulet for 45 gold pieces
    27 | D        | Bought a warped jade ring for 45 gold pieces
    27 | D        | Bought a wavering jade ring for 45 gold pieces
    27 | D        | Identified the amulet of Vunou {RegenMP +Inv rC- Int+4}
                  | (You bought it in a shop in the Dungeon)
    28 | D        | Identified the ring of Fonig {Fire +Inv rN++ Dex-5 SInv}
                  | (You bought it in a shop in the Dungeon)
    29 | D        | Identified the ring "Nakaef" {EV+5 Int+2 SInv} (You bought
                  | it in a shop in the Dungeon)
    33 | D        | Bought a sparkling granite ring for 45 gold pieces
    33 | D        | Identified the ring "Kohalalyho" {Str+3 SInv} (You bought
                  | it in a shop in the Dungeon)
    53 | D        | Found an ornate altar of the Wu Jian Council.
    53 | D        | Found a blossoming altar of Fedhas.
    53 | D        | Found Homihed's Weapon Rack.
    57 | D        | Found a viscous altar of Jiyva.
    58 | D        | Found a stormy altar of Qazlal.
    59 | D        | Found an iron altar of Okawaru.
    60 | D        | Found Osokh's Do-It-Yourself Clinic.
    60 | D        | Found a radiant altar of Vehumet.
    60 | D        | Found a corrupted altar of Lugonu.
    60 | D        | Found Itasm's Distillery.
    61 | D        | Found Ryrougoi's Bottled Wisdom.
    61 | D        | Found Seoclod's Distillery.
    63 | D        | Reached skill level 3 in Polearms
    65 | D        | Found a hide-covered altar of Uskayaw.
    66 | D        | Found a bloodstained altar of Trog.
    67 | D        | Found a shimmering altar of Xom.
    69 | D        | Found Xagaggyc's Staff Store.
    71 | D        | Reached skill level 1 in Armour
    72 | D        | Noticed Jessica
    74 | D        | Found Fubb's Must-Have Magic.
    75 | D        | Found Pyos's Magic Scroll Shop.
    77 | D        | Found a glowing golden altar of the Shining One.
    77 | D        | Found a snail-covered altar of Cheibriados.
    77 | D        | Found Siovabbaesch's Magic Scroll Shop.
    82 | D        | Killed Jessica
    82 | D        | Reached skill level 4 in Polearms
    82 | D        | Gained mutation: You are partially covered in large bone
                  | plates. (SH +4) [demonic ancestry]
    82 | D        | Reached XP level 2. HP: 21/24 MP: 2/2
    82 | D        | Gained mutation: When hurt, damage is shared between your
                  | health and your magic reserves. [demonic ancestry]
    82 | D        | Reached XP level 3. HP: 25/29 MP: 3/3
   130 | D        | Bought an encrusted leather armour for 245 gold pieces
   140 | D        | Identified the +2 leather armour of Henuekhla {Str+5 Int+4}
                  | (You bought it in a shop in the Dungeon)
   152 | D        | Noticed Sigmund
   169 | D        | Killed Sigmund
   169 | D        | Arena points: 12 (+12) [x2]
   169 | D        | Reached skill level 5 in Fighting
   169 | D        | Reached skill level 7 in Polearms
   169 | D        | Reached skill level 5 in Dodging
   169 | D        | Reached XP level 4. HP: 15/39 MP: 2/4
   169 | D        | Gained mutation: A weak demonic guardian rushes to your
                  | aid. [demonic ancestry]
   169 | D        | Reached XP level 5. HP: 17/44 MP: 2/5
   201 | D        | Round 2.
   203 | D        | Noticed Terence
   207 | D        | Killed Terence
   229 | D        | Bought 3 potions of heal wounds for 105 gold pieces
   252 | D        | Noticed an ogre
   263 | D        | Killed an ogre
   263 | D        | Arena points: 48 (+36) [x3]
   263 | D        | Gained mutation: You regenerate magic rapidly. [demonic
                  | ancestry]
   263 | D        | Reached XP level 6. HP: 27/52 MP: 6/6
   269 | D        | Bought a +0 bardiche for 270 gold pieces
   279 | D        | Round 3.
   280 | D        | Noticed a rust devil
   282 | D        | Killed a rust devil
   282 | D        | Reached skill level 9 in Polearms
   282 | D        | Reached XP level 7. HP: 35/60 MP: 7/7
   310 | D        | Bought a wavering granite ring for 45 gold pieces
   310 | D        | Bought a warped copper amulet for 45 gold pieces
   310 | D        | Bought a faintly glowing turquoise ring for 45 gold pieces
   311 | D        | Identified the ring of Tender Moments {rElec rPois} (You
                  | bought it in a shop in the Dungeon)
   313 | D        | Identified the amulet of the Lonely Curses {rC- Regen+
                  | Int+6} (You bought it in a shop in the Dungeon)
   317 | D        | Identified the ring "Kozxeakkaa" {rF++ Str+2 Dex+2} (You
                  | bought it in a shop in the Dungeon)
   330 | D        | Noticed a rust devil
   336 | D        | Killed a rust devil
   336 | D        | Reached skill level 10 in Polearms
   355 | D        | Bought an ancient platinum amulet for 45 gold pieces
   363 | D        | Identified the amulet "Dem Qoig" {Faith rC+ Dex+3} (You
                  | bought it in a shop in the Dungeon)
   403 | D        | Bought a faintly glowing silver amulet for 45 gold pieces
   403 | D        | Bought a coiled golden amulet for 45 gold pieces
   404 | D        | Identified the amulet "Citanue" {Spirit Int+4 Dex+2} (You
                  | bought it in a shop in the Dungeon)
   406 | D        | Identified the amulet "Orhuas" {RegenMP MR+} (You bought it
                  | in a shop in the Dungeon)
   411 | D        | Arena points: 63 (+15) [x1]
   426 | D        | Round 4.
   435 | D        | Gained mutation: You have large cloven feet. [demonic
                  | ancestry]
   435 | D        | Reached XP level 8. HP: 35/68 MP: 6/8
   513 | D        | Bought a pair of polished gloves for 332 gold pieces
   518 | D        | Identified the +1 pair of gloves of Ketioriwn {rPois Int+5}
                  | (You bought it in a shop in the Dungeon)
   572 | D        | Arena points: 95 (+32) [x1]
   587 | D        | Round 5.
   594 | D        | Noticed the 27-headed Lernaean hydra
   599 | D        | HP: 4/103 [the 27-headed Lernaean hydra (14)]
   599 | D        | Mangled by the 27-headed Lernaean hydra

Skill      XL: |  1  2  3  4  5  6  7  8 |
---------------+-------------------------+-----
Polearms       | 4 7 9 10 | 10.9
Armour         | 2 4 6 7 |  7.5
Dodging        | 3 5 6 7 8 |  8.0
Fighting       | 3 5 7 8 |  8.5
Throwing       | |  1.7

Action                   |  1- 3 |  4- 6 |  7- 9 || total
-------------------------+-------+-------+-------++-------
Melee: Trident           |    21 |    14 |       ||    35
       Bardiche          |       |     2 |    35 ||    37
       Kick              |       |       |     2 ||     2
Evoke: Wand              |       |       |     2 ||     2
  Use: Potion            |       |       |     1 ||     1
 Stab: Distracted        |       |     1 |       ||     1
Armor: Leather armour    |       |       |     5 ||     5
Dodge: Dodged            |    10 |     5 |    21 ||    36
Block: Other             |       |     1 |     9 ||    10
